Map: Pillars of Gold LE

Players

A.I. 1 (Very Easy)

  • Race: Protoss Protoss
  • Spawn Location: 1:00

Albert - Winner!

  • Race: Zerg Zerg
  • League: Diamond
  • Spawn Location: 7:00

VOD

Have the link to the VOD?

Description

Time

  • Played on: Nov. 12, 2020, 8:08 a.m.
  • Length: 9:18
Show
View Real Time Build Order
Export as new Build Order

A.I. 1 (Very Easy) Protoss 

Build Orders: 1 Gate Expand, Nexus First 

Get SALT Encoding   

  6  0:00  Probe  
  13  0:13  Probe  
  14  0:20  Pylon  
  14  0:43  Gateway  
  14  1:02  Nexus  
  14  1:20  Pylon  
  14  1:22  Zealot  
  14  1:25  Assimilator  
  16  1:39  Probe, Cybernetics Core  
  17  1:52  Probe  
  18  2:01  Probe  
  18  2:02  Assimilator  
  19  2:09  Probe  
  20  2:16  Stalker  
  20  2:18  Probe  
  20  2:19  Warp Gate  
  23  2:23  Probe  
  24  2:34  Probe  
  25  2:41  Probe  
  26  2:46  Pylon  
  26  2:48  Probe  
  27  2:55  Probe  
  28  3:01  Probe  
  29  3:09  Probe  
  30  3:13  Probe  
  30  3:14  Robotics Facility  
  31  3:24  Probe  
  32  3:31  Zealot, Probe  
  35  3:38  Probe  
  36  3:45  Probe  
  37  3:51  Assimilator  
  37  3:52  Probe  
  38  3:59  Observer, Probe  
  40  4:04  Assimilator  
  40  4:07  Probe  
  41  4:14  Observer, Probe  
  42  4:21  Probe  
  44  4:28  Probe  
  45  4:32  Pylon  
  45  4:35  Probe  
  46  4:42  Probe  
  46  4:45  Sentry  
  49  4:50  Probe  
  50  6:33  Stalker  
  50  6:36  Pylon  
  50  6:38  Probe  
  40  6:51  Probe  
  36  7:01  Probe  
  36  7:02  Zealot  
  37  7:13  Probe  
  27  7:18  Pylon  
  17  7:27  Nexus  
  4  7:30  Stalker, Assimilator  
Show
View Real Time Build Order
Export as new Build Order

Albert Zerg - Winner!

Build Orders: Hatch First 

Get SALT Encoding   

  6  0:00  Drone  
  13  0:08  Drone  
  14  0:17  Overlord  
  14  0:24  Extractor, Drone  
  16  0:35  Drone x2  
  17  0:54  Hatchery  
  16  1:02  Drone  
  16  1:03  Drone  
  18  1:16  Extractor  
  18  1:18  Spawning Pool  
  16  1:20  Drone  
  16  1:23  Drone  
  18  1:27  Drone  
  19  1:37  Overlord  
  19  2:06  Queen x2  
  19  2:07  Zergling x6  
  26  2:14  Drone  
  27  2:18  Drone  
  27  2:22  Metabolic Boost  
  28  2:24  Drone  
  28  2:28  Drone  
  30  2:32  Drone  
  31  2:48  Hatchery  
  30  2:54  Baneling Nest  
  29  2:59  Drone x2  
  29  3:03  Overlord  
  31  3:06  Drone  
  31  3:08  Drone  
  31  3:11  Drone  
  34  3:17  Drone x2  
  36  3:21  Drone  
  36  3:22  Drone  
  36  3:25  Drone  
  39  3:27  Drone  
  39  3:30  Drone  
  39  3:31  Drone  
  42  3:36  Overlord  
  42  3:43  Roach Warren  
  41  3:51  Evolution Chamber  
  40  3:56  Extractor  
  40  3:57  Drone x3  
  40  4:01  Queen  
  44  4:05  Lair  
  44  4:08  Drone  
  45  4:10  Drone x2  
  45  4:13  Overlord  
  45  4:15  Overlord  
  47  4:21  Drone x2  
  47  4:22  Drone x2  
  47  4:24  Drone  
  52  4:27  Drone x2  
  52  4:29  Drone  
  52  4:31  Drone  
  56  4:32  Drone  
  57  4:38  Zerg Missile Weapons Level 1  
  57  4:46  Extractor  
  57  4:47  Extractor, Drone x3  
  57  4:48  Drone x3  
  61  5:01  Roach x3  
  61  5:02  Roach x3  
  73  5:07  Glial Reconstitution  
  73  5:09  Overlord x2  
  73  5:11  Overlord  
  73  5:13  Overseer  
  73  5:28  Roach x4  
  77  5:29  Roach x2  
  77  5:30  Roach  
  77  5:32  Roach  
  77  5:34  Roach  
  91  5:36  Roach  
  91  5:39  Roach  
  95  5:44  Overlord x2  
  95  5:46  Overlord  
  95  6:04  Roach x3  
  95  6:05  Roach x7  
  95  6:06  Roach  
  95  6:07  Roach  
  95  6:09  Roach  
  121  6:17  Overlord x2  
  121  6:18  Overlord  
  121  6:37  Roach x4  
  121  6:38  Roach x6  
  141  6:43  Overlord  
  141  6:44  Overlord  
  141  6:45  Overlord  
  141  6:46  Roach  
  143  6:49  Roach  
  145  7:04  Roach x6  
  145  7:05  Roach x2  
  145  7:07  Roach  
  163  7:12  Roach x2  
  165  7:18  Overlord x3  
  165  7:34  Roach x2  
  165  7:36  Roach  
  165  7:37  Roach x6  
  175  7:39  Roach  
  187  7:44  Roach x2  
  187  7:46  Overlord  
  187  7:48  Overlord  
  187  7:51  Overlord  
  189  8:09  Roach x5  
  199  8:13  Zergling x2  
Tags
 
Add a new tag
Caveats
  • Supply blocks, unpowered buildings, or Contaminate may cause inaccurate times.
  • Supply counts are checked every 10 seconds.